 Dungeon Crawl Stone Soup version 0.30.0-7-g0c4daa9e05 (webtiles) character file.

Game seed: 3967309649462401828

5180 Gabide the Grappler (level 10, -1/74 HPs)
             Began as an Octopode Gladiator on May 13, 2023.
             Was an Initiate of Gozag.
             Slain by an orc warrior
             ... wielding a +0 hand axe
              (9 damage)
             ... on level 9 of the Dungeon.
             The game lasted 00:21:02 (9742 turns).

Gabide the Grappler (Octopode Gladiator)            Turns: 9742, Time: 00:21:03

Health: -1/74      AC:  5    Str: 24    XL:     10   Next: 60%
Magic:  10/10      EV: 13    Int: 11    God:    Gozag
Gold:   468        SH:  0    Dex: 13    Spells: 9/9 levels left

rFire   + .          .
                       - Unarmed
rCold   + . .        (no shield)
rNeg    . . .        a - +0 hat
rPois   +            (no amulet)
rElec   +            t - +6 ring of strength
rCorr   +            v - +4 ring of protection
SInv    .            (no ring)
Will    .....        (no ring)
Stlth   ++           (no ring)
HPRegen 0.32/turn    (no ring)
MPRegen 0.12/turn    (no ring)
                     (no ring)

%: no passive effects
@: mighty, lethally poisoned (-1 -> -4), resistant, slowed, very slow
A: almost no armour, amphibious, 8 rings, camouflage 1, gelatinous body 1,
(nimble swimmer 1), tentacles
a: Renounce Religion, Potion Petition, Call Merchant, Bribe Branch


You were on level 9 of the Dungeon.
You worshipped Gozag.
Gozag was aware of your devotion.
You visited 2 branches of the dungeon, and saw 10 of its levels.
You also visited: Sewer.

You collected 1013 gold pieces.
You paid 545 gold pieces to Gozag.

Inventory:

Missiles
 u - 3 javelins (quivered)
Armour
 a - a +0 hat (worn)
 n - an orb of mayhem
Jewellery
 t - a +6 ring of strength (left tentacle)
 v - a +4 ring of protection (right tentacle)
 w - a ring of fire
Wands
 b - a wand of flame (11)
 c - a wand of light (7)
 e - a wand of paralysis (5)
Scrolls
 d - a scroll of poison
 h - 4 scrolls of teleportation
 i - a scroll of amnesia
 o - 3 scrolls of magic mapping
 q - a scroll of vulnerability
 x - 2 scrolls of identify
 z - 2 scrolls of blinking
Potions
 f - a potion of heal wounds
 g - 2 potions of magic
 j - 3 potions of attraction
 k - 2 potions of invisibility
 l - a potion of brilliance
 m - 2 potions of curing
 p - 3 potions of flight
 r - 2 potions of mutation
 s - a potion of might


   Skills:
 + Level 9.1 Fighting
 - Level 2.0 Throwing
 - Level 3.0 Dodging
 * Level 12.9 Unarmed Combat


You had 9 spell levels left.
You didn't know any spells.
Your spell library contained the following spells:

 Spells                   Type           Power      Damage    Failure   Level
 Tukima's Dance           Hex            0%         N/A       71%         3
 Passage of Golubria      Tloc           0%         N/A       98%         4
 Yara's Violent Unravell  Hex/Tmut       0%         3d3       100%        5


Dungeon Overview and Level Annotations

Branches:
Dungeon (9/15)             Temple (1/1) D:6           Sewer (visited)
   Lair: D:8-11         Orc: D:9-12

Altars:
Ashenzari
Cheibriados
Dithmenos
Elyvilon
Fedhas
Gozag
Hepliaklqana
Kikubaaqudgha
Makhleb
Nemelex Xobeh
Okawaru
Qazlal
Ru
Sif Muna
Trog
Uskayaw
Vehumet
Wu Jian
Xom
Yredelemnul
Zin
The Shining One

Annotations:
D:3 2 transporters, puimuR's ghost, weakling HOAE
D:6 1 runed translucent door
D:8 Grum


Innate Abilities, Weirdness & Mutations

You cannot wear most types of armour.
You are amphibious.
You can wear up to eight rings at the same time.
Your skin changes colour to match your surroundings (Stealth+).
Your rubbery body absorbs attacks. (AC +1, EV +1)
((You are camouflaged when in or above water. (Stealth+)))
You have tentacles for arms and can constrict up to eight enemies at once.


Message History

Unknown command.
The orc warrior attacks as you move away!
The orc warrior barely misses you.
You feel very sick.
The kobold is distracted by your dazzling golden aura.
The orc warrior attacks as you move away!
The orc warrior hits you with a +0 hand axe!
You feel very sick.
The kobold is no longer distracted by gold.
The orc warrior throws a stone.
The stone hits you!
* * * LOW HITPOINT WARNING * * *
The kobold is distracted by your dazzling golden aura.
You feel better. The kobold brigand closely misses you.
The orc warrior hits you with a +0 hand axe.
* * * LOW HITPOINT WARNING * * *
An orc priest comes into view. It is wielding a +0 whip.
The kobold brigand attacks as you move away!
The kobold brigand hits you with a +1 vampiric dagger.
* * * LOW HITPOINT WARNING * * *
The orc warrior attacks as you move away!
The orc warrior barely misses you.
The kobold brigand throws a curare-tipped dart.
The curare-tipped dart hits you.
You are poisoned.
You have difficulty breathing.
* * * LOW HITPOINT WARNING * * *
You feel as though you will be slow longer.
The orc warrior hits you with a +0 hand axe.
* * * LOW HITPOINT WARNING * * *
Okay, then. [a] - 392 gold - resistance and might [b] - 576 gold - haste, brilliance and resistance [c] - 240 gold - resistance Purchase which effect?
You no longer have enough gold to fund merchants seeking to open stores in the dungeon.
You feel protected.
You feel very mighty all of a sudden.
You feel very sick.
The orc warrior hits you with a +0 hand axe!
You die...
Your body crumbles into a pile of gold.

.....K ... ...... ..#
..oo##..# )##
##......#######.##
##...K.#....##....##
#.....$$# #.#......##
#.....oK# #.........##
#......o####.........##
........K@)............#
##.......#####....$.<..#
$.........# #>......#..#
##.......# #.......#..#
##.....## #...>...#..#
##...# ##.....##.## ####
##........ ####......
#......


You could see an orc warrior, a kobold brigand, an orc priest, an orc wizard, an
orc and 2 kobolds.

Vanquished Creatures
  Amaemon (D:7)
  The ghost of Tyszek the Cleaver, a novice MiFi (D:5)
  Maggie (D:8)
  An orange demon (D:8)
  Prince Ribbit (D:7)
  Menkaure (D:5)
  An acid dragon (D:9)
  2 ice beasts (D:6)
  2 orc warriors
  3 sky beasts
  A black bear (D:6)
  2 wolves (D:7)
  2 centaurs
  A phantom (D:5)
  2 kobold brigands
  7 bullfrogs
  A gnoll sergeant (D:8)
  3 scorpions
  4 wights
  4 killer bees (D:8)
  An electric eel (D:8)
  3 hounds
  A jelly (D:7)
  2 gnoll boudas (D:8)
  5 orc priests
  Jessica (D:2)
  An iguana (D:6)
  3 orc wizards
  Robin (D:4)
  9 gnolls
  A river rat (D:6)
  7 adders
  2 shadow imps
  4 white imps
  2 ufetubi
  A worm (D:6)
  2 dart slugs
  21 orcs
  8 endoplasms
  A giant cockroach (D:2)
  14 goblins
  6 hobgoblins
  11 jackals
  12 kobolds
  7 quokkas
  3 ball pythons
  4 bats
  2 frilled lizards
  10 rats
186 creatures vanquished.

Notes
Turn   | Place    | Note
-------+----------+-------------------------------------------
     0 | D:1      | Gabide the Octopode Gladiator began the quest for the Orb.
     0 | D:1      | Reached XP level 1. HP: 14/14 MP: 1/1
   277 | D:1      | Reached XP level 2. HP: 13/19 MP: 2/2
  1082 | D:2      | Noticed Jessica
  1090 | D:2      | Killed Jessica
  1091 | D:2      | Reached skill level 4 in Unarmed Combat
  1091 | D:2      | Reached XP level 3. HP: 20/25 MP: 3/3
  1214 | D:2      | Reached XP level 4. HP: 12/30 MP: 4/4
  1842 | D:3      | Found a transporter.
  1842 | D:3      | Found a transporter.
  1856 | D:3      | Identified the +2 short sword "Loopy" {freeze, rN++ Int+3}
  2030 | D:3      | Noticed a small abomination
  2035 | D:3      | Noticed a small abomination
  2162 | D:3      | Reached XP level 5. HP: 32/36 MP: 5/5
  2453 | D:3      | Identified the +2 helmet "Teunytef" {rC+ rN+ Dex+6}
  2508 | D:3      | Noticed puimuR's ghost (weakling HOAE)
  2626 | D:4      | Noticed Robin
  2646 | D:4      | Reached skill level 5 in Unarmed Combat
  2783 | D:4      | Killed Robin
  2956 | D:4      | Found a glowing drain.
  2970 | Sewer    | Entered a sewer
  3013 | Sewer    | Noticed a kobold brigand
  3023 | Sewer    | Killed a kobold brigand
  3024 | Sewer    | Reached XP level 6. HP: 43/43 MP: 6/6
  3043 | Sewer    | Found a glowing silver altar of Zin.
  3302 | D:4      | Noticed a sky beast
  3315 | D:4      | Killed a sky beast
  3316 | D:4      | Reached skill level 6 in Unarmed Combat
  3805 | D:5      | Entered Level 5 of the Dungeon
  4039 | D:5      | Reached XP level 7. HP: 32/49 MP: 7/7
  4276 | D:5      | Noticed Menkaure
  4288 | D:5      | Killed Menkaure
  4289 | D:5      | Reached skill level 7 in Unarmed Combat
  4326 | D:5      | Reached skill level 5 in Fighting
  4981 | D:6      | Reached XP level 8. HP: 51/55 MP: 8/8
  5028 | D:6      | Found a runed translucent door.
  5051 | D:6      | Found a staircase to the Ecumenical Temple.
  5062 | Temple   | Entered the Ecumenical Temple
  5179 | Temple   | Became a worshipper of Gozag Ym Sagoz the Greedy
  5292 | D:6      | Reached skill level 8 in Unarmed Combat
  5458 | D:6      | Found an iron altar of Okawaru.
  5458 | D:6      | Found a basalt altar of Yredelemnul.
  5691 | D:6      | Found a radiant altar of Vehumet.
  5810 | D:6      | Found a runed translucent door.
  5842 | D:6      | Reached skill level 9 in Unarmed Combat
  5917 | D:6      | Noticed Tyszek's ghost (novice MiFi)
  6183 | D:5      | Reached XP level 9. HP: 12/63 MP: 9/9
  6424 | D:5      | Killed Tyszek's ghost
  6425 | D:5      | Reached skill level 10 in Unarmed Combat
  7494 | D:8      | Noticed Prince Ribbit
  7508 | D:7      | Killed Prince Ribbit
  7509 | D:7      | Reached skill level 11 in Unarmed Combat
  8006 | D:8      | Noticed Maggie
  8019 | D:8      | Killed Maggie
  8061 | D:8      | Noticed an orange demon
  8062 | D:8      | Noticed Amaemon
  8197 | D:7      | Killed Amaemon
  8198 | D:7      | Reached skill level 12 in Unarmed Combat
  8198 | D:7      | Reached XP level 10. HP: 19/73 MP: 10/10
  8429 | D:8      | Killed an orange demon
  8980 | D:8      | Noticed Grum
  9742 | D:9      | Slain by an orc warrior

Illustrated notes

Levels and vault maps discovered:
D:1:      minmay_arrival_stair_chambers, layout_loops_ring,
          minmay_misc_feat_chi, due_unseen_surprise
D:2:      layout_rooms, kennysheep_jessica_study
D:3:      layout_loops_ring, gammafunk_ghost_abyssal_escape,
          amcnicky_mini_corridor_feature
D:4:      layout_loops_corners, portal_sewer_entry_d, uniq_robin
D:5:      layout_cave_pools, serial_demonic, serial_demonic_f, serial_demonic_f,
          serial_demonic_d, serial_demonic_b, uniq_menkaure
D:6:      layout_rooms, jmf_multi_god_temple, vehumet_altar_wand_db,
          minmay_temple_entry_statues_fountains, ebering_ghost_sewer_f
D:7:      layout_basic
D:8:      cheibrodos_helix_gallery, layout_basic, uniq_amaemon,
          uniq_prince_ribbit1, uniq_maggie, uniq_grum
D:9:      layout_rooms, hiddenorc1_lemuel
Temple:   nicolae_temple_bog_church

Skill      XL: |  1  2  3  4  5  6  7  8  9 10 |
---------------+-------------------------------+-----
Unarmed Combat | 4 5 6 7 9 12 | 12.9
Fighting       | 3 4 5 6 8 9 |  9.1
Throwing       | |  2.0
Dodging        | |  3.0

Action                     |  1- 3 |  4- 6 |  7- 9 | 10-12 || total
---------------------------+-------+-------+-------+-------++-------
  Melee: Unarmed           |    56 |   124 |   169 |    73 ||   422
         Constrict         |    15 |    23 |    43 |    20 ||   101
         Tentacles         |     8 |    16 |    40 |    14 ||    78
         Punch             |     1 |     2 |    14 |     3 ||    20
  Throw: Throwing net      |       |     3 |     4 |     1 ||     8
         Javelin           |       |     2 |    22 |       ||    24
         Dart              |       |     3 |     6 |     2 ||    11
 Invoke: Potion Petition   |       |       |       |     1 ||     1
  Evoke: Wand              |       |       |       |     3 ||     3
    Use: Scroll            |     4 |     9 |     5 |       ||    18
         Potion            |       |     2 |     3 |     2 ||     7
   Stab: Sleeping          |     3 |     9 |     3 |       ||    15
         Held in net/web   |       |       |       |     2 ||     2
 Armour: Skin              |     4 |    10 |    25 |    23 ||    62
  Dodge: Dodged            |    33 |    59 |   108 |    67 ||   267
